 Dungeon Crawl Stone Soup version 0.26-a0-1026-g544776af23 (webtiles) character file.

Game seed: 11162028517992720443

67 pablito the Chucker (level 4, 0/44 HPs)
             Began as an Ogre Arcane Marksman on Dec 9, 2020.
             Slain by an adder (2 damage)
             ... on level 2 of the Dungeon.
             The game lasted 00:06:00 (2149 turns).

pablito the Chucker (Ogre Arcane Marksman)          Turns: 2149, Time: 00:06:01

Health: 0/44       AC:  3    Str: 14    XL:     4   Next: 18%
Magic:  7/7        EV: 10    Int: 14    God:
Gold:   46         SH:  0    Dex: 10    Spells: 6/7 levels left

rFire    . . .     SeeInvis .   e - +0 spear
rCold    . . .     Faith    .   (no shield)
rNeg     . . .     Spirit   .   a - +0 robe
rPois    .         Reflect  .   (helmet restricted)
rElec    .         Harm     .   (no cloak)
rCorr    .         Rampage  .   (gloves unavailable)
Will     .....                  (boots unavailable)
Stlth    +.........             (no amulet)
HPRegen  0.14/turn              m - ring of flight
MPRegen  0.10/turn              (no ring)

@: lethally poisoned (0 -> -20), attractive
A: large, unfitting armour, tough skin 1
a: Evoke Flight


You were on level 2 of the Dungeon.
You visited 1 branch of the dungeon, and saw 2 of its levels.

You collected 46 gold pieces.

Inventory:

Hand Weapons
 e - a +0 spear (weapon)
 i - a +0 club
Missiles
 c - 4 large rocks (quivered)
 d - 2 throwing nets
Armour
 a - a +0 robe (worn)
Jewellery
 m - a ring of flight (left hand)
Scrolls
 f - a scroll of teleportation {unknown}
 g - a scroll of fear {unknown}
 k - 2 scrolls of identify {unknown}
 l - a scroll of fog {unknown}
 n - a scroll of enchant armour {unknown}
Potions
 h - a potion of flight {unknown}
 j - a potion of lignification {unknown}


   Skills:
 + Level 2.7 Fighting
 + Level 2.8 Throwing
 + Level 2.4 Dodging
 + Level 2.3 Spellcasting
 - Level 2.6 Hexes


You had 6 spell levels left.
You knew the following spells:

 Your Spells              Type           Power        Failure   Level
a - Corona                Hex            #......      8%          1

Your spell library contained the following spells:

 Spells                   Type           Power        Failure   Level
 Slow                     Hex            #.......     12%         2
 Inner Flame              Hex/Fire       #.......     36%         3
 Portal Projectile        Hex/Tloc       #.....       36%         3
 Cause Fear               Hex            #.........   58%         4
 Leda's Liquefaction      Hex/Erth       #.........   78%         4


Dungeon Overview and Level Annotations

Branches:
Dungeon (2/15)

Altars:


Innate Abilities, Weirdness & Mutations

You are too large for most types of armour.
You have tough skin. (AC +1)


Message History

The adder is heavily wounded.
You feel sick. The adder bites you.
You are more poisoned.
The adder poisons you!
You miss the adder.
The adder is heavily wounded.
* * * LOW HITPOINT WARNING * * *
You feel sick. The adder bites you.
* * * LOW HITPOINT WARNING * * *
You are more poisoned.
The adder poisons you! The adder barely misses you.
You hit the adder.
The adder is severely wounded.
* * * LOW HITPOINT WARNING * * *
You feel sick. The adder closely misses you.
It was a potion of attraction.
You feel attractive to monsters.
* * * LOW HITPOINT WARNING * * *
You feel sick. The adder bites you.
You die...

.## ##### ....
###.... .....
#.....
......##.#.#####
......S@........
.#..####.#.####
#.#.#
##.#.#####...
#............
##.#.#####.#.
#.#.#
.####.#.#####.#.
..............<.


You could see an adder.

Vanquished Creatures
  An adder (D:2)
  An ooze (D:1)
  3 dart slugs (D:1)
  3 leopard geckos
  6 goblins (D:1)
  3 hobgoblins (D:1)
  8 jackals (D:1)
  4 ball pythons
  5 bats
  4 kobolds (D:1)
  5 rats (D:1)
43 creatures vanquished.

Notes
Turn   | Place    | Note
-------+----------+-------------------------------------------
     0 | D:1      | pablito the Ogre Arcane Marksman began the quest for the
                  | Orb.
     0 | D:1      | Reached XP level 1. HP: 19/19 MP: 2/2
    16 | D:1      | Reached XP level 2. HP: 28/28 MP: 2/4
   583 | D:1      | Reached XP level 3. HP: 35/35 MP: 5/5
  1798 | D:2      | Reached XP level 4. HP: 29/44 MP: 7/7
  2148 | D:2      | HP: 4/44 [poisoned by an adder]
  2149 | D:2      | Slain by an adder

Illustrated notes

Levels and vault maps discovered:
D:1:      onia_arrival_handbag, layout_basic, minmay_tetromino_o2
D:2:      layout_basic, chequers_ecumenical_altar_twisty, minmay_statues_item

Skill      XL: |  1  2  3 |
---------------+----------+-----
Dodging        | 2 |  2.4
Fighting       | 2 |  2.7
Spellcasting   | 2 |  2.3
Throwing       | |  2.8
Hexes          | |  2.6

Action                   |  1- 3 |  4- 6 || total
-------------------------+-------+-------++-------
Melee: Unarmed           |   114 |       ||   114
       Spear             |    60 |    30 ||    90
Throw: Large rock        |    36 |       ||    36
       Throwing net      |     1 |       ||     1
  Use: Potion            |       |     1 ||     1
Armor: Robe              |    61 |     8 ||    69
Dodge: Dodged            |    93 |    10 ||   103

Table legend: (Time is in decaauts)
 A = Elapsed time spent in this place.
 B = Non-inter-level travel time spent in this place.
 C = Inter-level travel time spent in this place.
 D = Time resting spent in this place.
 E = Time spent auto-exploring this place.
 F = Levels seen in this place.
 G = Mean time per level.
                   A        B        C        D        E       F      G
               +--------+--------+--------+--------+--------+-----+--------+
         Total |   2188 |   2172 |     16 |      0 |   1753 |   2 | 1094.0 |
       Dungeon |   2188 |   2172 |     16 |      0 |   1753 |   2 | 1094.0 |
               +--------+--------+--------+--------+--------+-----+--------+

Top non-repeatable levels by time:
     D:1: 1807 daAuts
     D:2: 381 daAuts
